 Dungeon Crawl Stone Soup version 0.31.0-9-g3a7656b989 (webtiles) character file.

Game seed: 9451461309606492290

39 qw the Shooter (level 3, -1/20 HPs)
             Began as a Deep Elf Hunter on Feb 2, 2024.
             Slain by a hobgoblin (5 damage)
             ... led by Robin
             ... on level 2 of the Dungeon.
             The game lasted 00:00:02 (953 turns).

qw the Shooter (Deep Elf Hunter)                     Turns: 953, Time: 00:00:03

Health: -1/20      AC:  3    Str: 10    XL:     3   Next: 26%
Magic:  5/5        EV: 12    Int: 13    God:
Gold:   100        SH:  0    Dex: 18    Spells: 2/2 levels left

rFire   . . .        a - +0 shortbow
rCold   . . .        (shield currently unavailable)
rNeg    . . .        c - +0 leather armour
rPois   .            (no helmet)
rElec   .            (no cloak)
rCorr   .            (no gloves)
SInv    .            (no boots)
Will    .....        (no amulet)
Stlth   ++           (no ring)
HPRegen 0.23/turn    (no ring)
MPRegen 0.09/turn

%: no passive effects
@: about to teleport
A: no striking features
a: no special abilities


You were on level 2 of the Dungeon.
You visited 1 branch of the dungeon, and saw 2 of its levels.

You collected 100 gold pieces.


   Skills:
 - Level 1.5 Fighting
 + Level 6.8 Ranged Weapons
 - Level 2.4 Dodging
 - Level 1.2 Stealth


You had 2 spell levels left.
You didn't know any spells.
Your spell library was empty.

Inventory:

Hand Weapons
 a - a +0 shortbow (weapon)
Armour
 c - a +0 leather armour (worn)
Scrolls
 b - a scroll of identify
Potions
 h - a potion of lignification {unknown}

Dungeon Overview and Level Annotations

Branches:
Dungeon (2/15)

Altars:
Hepliaklqana

Annotations:
D:2 Robin


Message History

You kill the goblin!
You shoot an arrow. The arrow barely misses the hobgoblin.
The hobgoblin misses you. Robin throws the goblin at you!
You shoot an arrow. The arrow hits the hobgoblin.
The hobgoblin is heavily wounded.
The goblin barely misses you.
Robin points. "Kill!"
A goblin comes into view. It is wielding a +0 dagger.
You shoot an arrow. The arrow barely misses the hobgoblin.
A hobgoblin comes into view.
The hobgoblin hits you but does no damage.
The hobgoblin barely misses you. The goblin misses you.
You shoot an arrow.
The arrow hits the hobgoblin but does no damage.
The hobgoblin is heavily wounded.
The hobgoblin barely misses you. The hobgoblin hits you.
The goblin hits you but does no damage.
You shoot an arrow. The arrow hits the hobgoblin.
You kill the hobgoblin!
The goblin barely misses you.
You shoot an arrow. The arrow hits Robin.
Robin is lightly wounded.
A hobgoblin comes into view.
Robin hits you with a +0 whip. The hobgoblin closely misses you.
The goblin hits you but does no damage.
You shoot an arrow. The hobgoblin shouts!
The arrow hits Robin.
Robin is moderately wounded.
Robin roars a battlecry!
The goblins go into a battle-frenzy!
The hobgoblin hits you. The goblin barely misses you. The goblin misses you.
The hobgoblin hits you. Robin throws the goblin at you!
You hear a shout!
953 ||| READING scroll of teleportation.
As you read the scroll of teleportation, it crumbles to dust.
You feel strangely unstable.
A goblin comes into view. It is wielding a +0 dagger.
The hobgoblin hits you.
You die...

###........##)### #
#.#####.......# #
#.#####.###....
###.....#.# #.#
...#......# #.#
##.#.##.#######.#######.
##.#....................
.#.#####.######gg######
.#...........###@#
.#######.###.# #gg# .#
#.....# ##).. .# #######
##g.g #g... .... ... ..


You could see Robin, 3 hobgoblins and 3 goblins.

Vanquished Creatures
  A dart slug (D:1)
  2 bats
  2 endoplasms (D:1)
  A giant cockroach (D:1)
  6 goblins
  4 hobgoblins
  5 kobolds (D:1)
  5 quokkas
  4 ball pythons
  2 frilled lizards (D:1)
  A rat (D:1)
33 creatures vanquished.

Notes
Turn   | Place    | Note
-------+----------+-------------------------------------------
     0 | D:1      | qw the Deep Elf Hunter began the quest for the Orb.
     0 | D:1      | Reached XP level 1. HP: 12/12 MP: 3/3
     0 | D:1      | 0 ||| qw: Version: 0.3-a-155-g5e7d8dd
     0 | D:1      | 0 ||| qw: Game counter: 727
     0 | D:1      | 0 ||| qw: Melee chars always use a shield: true
     0 | D:1      | 0 ||| qw: God list: Okawaru
     0 | D:1      | 0 ||| qw: Allow faded altars: false
     0 | D:1      | 0 ||| qw: Do Orc after clearing Dungeon:15 true
     0 | D:1      | 0 ||| qw: Do second Lair branch before Depths: true
     0 | D:1      | 0 ||| qw: Lair rune preference: random
     0 | D:1      | 0 ||| qw: Goals: Normal
     0 | D:1      | 0 ||| PLANNING D:1-11
    27 | D:1      | HP: 2/12 [quokka (2)]
   101 | D:1      | Reached skill level 6 in Ranged Weapons
   101 | D:1      | Reached XP level 2. HP: 14/16 MP: 4/4
   816 | D:1      | 816 ||| READING scroll labelled MUMNAUPNIRRE.
   817 | D:1      | 817 ||| READING scroll labelled BUEDYE BU XOIS.
   817 | D:1      | 817 ||| IDENTIFYING murky red potion
   818 | D:1      | 818 ||| READING scroll labelled PUONIM GEPNYBUDGH.
   821 | D:1      | 821 ||| DROPPING scroll of butterflies.
   822 | D:1      | 822 ||| DROPPING potion of degeneration.
   853 | D:2      | Found a hazy altar of Hepliaklqana.
   857 | D:2      | Reached XP level 3. HP: 20/20 MP: 5/5
   941 | D:2      | Noticed Robin
   952 | D:2      | HP: 4/20 [Robin/goblin (2)]
   953 | D:2      | 953 ||| READING scroll of teleportation.
   953 | D:2      | Slain by a hobgoblin

Levels and vault maps discovered:
D:1:      giann_horns, layout_basic, minivault_23, st_stairs_13,
          roderic_lattice_a
D:2:      layout_basic, basic_ecumenical_altar, basic_altar, uniq_robin

Skill      XL: |  1 |
---------------+----+-----
Ranged Weapons | 6 |  6.8
Fighting       | |  1.5
Dodging        | |  2.4
Stealth        | |  1.2

Action                     || total
---------------------------++-------
   Fire: Shortbow          ||    84
    Use: Scroll            ||     4
 Armour: Leather armour    ||    27
  Dodge: Dodged            ||    23

Table legend:
 A = Non-vault XP
 B = Vault XP
 C = Vault XP percentage of total XP
 D = Non-vault monster count
 E = Vault monster count
 F = Vault count percentage of total count
                 A         B        C        D         E       F
            +---------+---------+-------+---------+---------+-------
      Total |      47 |       9 |  16.1 |      28 |       5 |  15.2
            +---------+---------+-------+---------+---------+-------
        D:1 |      39 |       1 |   2.5 |      23 |       1 |   4.2
        D:2 |       8 |       8 |  50.0 |       5 |       4 |  44.4
            +---------+---------+-------+---------+---------+-------
